 Dungeon Crawl Stone Soup version 0.31-a0-431-g88bdf31460 (webtiles) character file.

Game seed: 5195231802876894567

542 porpoise the Chopper (level 7, 0/61 HPs)
             Began as a Minotaur Gladiator on Aug 1, 2023.
             Slain by a wyvern (13 damage)
             ... on level 3 of the Dungeon.
             The game lasted 00:08:05 (2340 turns).

porpoise the Chopper (Minotaur Gladiator)           Turns: 2340, Time: 00:08:05

Health: 0/61       AC:  8    Str: 21    XL:     7   Next: 6%
Magic:  6/6        EV:  8    Int: 11    God:
Gold:   147        SH:  6    Dex: 11    Spells: 6/6 levels left

rFire   . . .        a - +0 war axe
rCold   . . .        i - +2 buckler
rNeg    + . .        t - +0 chain mail
rPois   .            c - +0 hat
rElec   .            (no cloak)
rCorr   .            (no gloves)
SInv    .            (no boots)
Will    .....        (no amulet) Stlth
                     g - +6 ring of intelligence
HPRegen 0.30/turn    q - ring of positive energy
MPRegen 0.10/turn

%: no passive effects
@: no status effects
A: horns 2, retaliatory headbutt
a: no special abilities


You were on level 3 of the Dungeon.
You visited 1 branch of the dungeon, and saw 4 of its levels.

You collected 147 gold pieces.

Inventory:

Hand Weapons
 a - a +0 war axe (weapon)
 b - a +0 sling
 n - a +2 flail of holy wrath
Missiles
 d - 3 throwing nets (quivered)
 e - a javelin
Armour
 c - a +0 hat (worn)
 i - a +2 buckler (worn)
 t - a +0 chain mail (worn)
Jewellery
 g - a +6 ring of intelligence (left hand)
 l - an amulet of magic regeneration
 q - a ring of positive energy (right hand)
Scrolls
 h - a scroll of teleportation
 j - a scroll of enchant weapon {unknown}
 k - a scroll of amnesia {unknown}
 m - a scroll of revelation {unknown}
 o - a scroll of fog {unknown}
 p - a scroll of fear {unknown}
 u - a scroll of identify {unknown}
Potions
 f - a potion of heal wounds {unknown}
 r - 2 potions of cancellation {unknown}
 s - a potion of magic {unknown}


   Skills:
 + Level 5.0 Fighting
 * Level 7.3 Axes
 - Level 2.0 Throwing
 - Level 3.2 Dodging
 + Level 4.2 Shields


You had 6 spell levels left.
You didn't know any spells.
Your spell library contained the following spells:

 Spells                   Type           Power      Damage    Failure   Level
 Poisonous Vapours        Pois/Air       0%         N/A       99%         2
 Vhi's Electric Charge    Tloc/Air       0%         N/A       100%        3
 Flame Wave               Conj/Fire      0%         2d4       100%        4


Dungeon Overview and Level Annotations

Branches:
Dungeon (4/15)
 Temple: D:4-7

Altars:


Innate Abilities, Weirdness & Mutations

You have a pair of horns on your head.
You reflexively headbutt those who attack you in melee.


Message History

The adder bites you but does no damage. x2
You slash the adder!
You kill the adder!
You hit the kobold. You block the kobold's attack.
You hit the kobold.
You kill the kobold!
As you read the scroll labelled ZOATREETIX, it crumbles to dust.
You feel strangely unstable.
It was a scroll of teleportation.
You climb upwards.
Your surroundings suddenly seem different.
(D) Dungeon
Where to? (Enter - D:4, ? - help)
You see here a +0 dagger.
There is a stone staircase leading down here.
You climb downwards.
The ogre shouts!
You hear an angry hiss.
There is a stone staircase leading up here.
There are monsters nearby!
A wyvern comes into view.
The wyvern hisses angrily.
You hear a shout!
You hear a bellow!
You slash the kobold!
You kill the kobold!
An orc comes into view. It is wielding a +0 club.
An adder comes into view.
You block the wyvern's attack. You block the wyvern's attack.
The ogre hits you with a +0 giant club!
You climb upwards.
There is a stone staircase leading down here.
You hit the wyvern but do no damage. Your headbutt misses the wyvern.
You hit the ogre. The wyvern bites you. x2
The ogre hits you with a +0 giant club!!
You are too injured to fight recklessly!
The ogre attacks as you move away! The ogre hits you with a +0 giant club!
* * * LOW HITPOINT WARNING * * *
The wyvern hisses menacingly.
You block the wyvern's attack.
You hit the wyvern but do no damage. You headbutt the wyvern.
The wyvern is lightly wounded.
The wyvern bites you!
You die...

#....##..# ##..#.##.............#
'...###..# #...#................#
#..####..# #...###...............
#.###.#..# #...#................>
####..#..###...#.###....(......#.
###...'.........................#
##....#......#....###........##..
#.....#...####.#.###.............
.....##.#......#@##............##
....###.....####l##...........#..
#'#####.#.......O.)..............
)..........####...##............#
........##..............#...#...#
..............#.........######..#
.......#####......##..### #...
.......# #..........# #...
......## #..........# #...


You could see a wyvern and an ogre.

Vanquished Creatures
  Grinder (D:3)
  Sigmund (D:3)
  Jessica (D:3)
  An iguana (D:1)
  6 adders
  2 worms (D:3)
  A dart slug (D:3)
  8 bats
  2 giant cockroaches (D:1)
  11 hobgoblins
  4 jackals
  5 quokkas
  3 ball pythons
  6 frilled lizards
  8 goblins
  9 kobolds
  3 rats
72 creatures vanquished.

Notes
Turn   | Place    | Note
-------+----------+-------------------------------------------
     0 | D:1      | porpoise the Minotaur Gladiator began the quest for the
                  | Orb.
     0 | D:1      | Reached XP level 1. HP: 18/18 MP: 0/0
    58 | D:1      | Reached skill level 4 in Axes
   137 | D:1      | Reached XP level 2. HP: 22/25 MP: 1/1
   537 | D:1      | Reached skill level 1 in Shields
   594 | D:1      | Reached XP level 3. HP: 29/31 MP: 2/2
  1159 | D:2      | Reached skill level 5 in Axes
  1159 | D:2      | Reached XP level 4. HP: 35/38 MP: 3/3
  1552 | D:2      | Got Nuosug's Anthology of Coruscating Thunder
  1617 | D:3      | Noticed Jessica
  1627 | D:3      | Killed Jessica
  1628 | D:3      | Reached XP level 5. HP: 22/46 MP: 4/4
  1809 | D:3      | Noticed Grinder
  1831 | D:3      | Killed Grinder
  1832 | D:3      | Reached skill level 6 in Axes
  1832 | D:3      | Reached XP level 6. HP: 22/53 MP: 5/5
  2152 | D:3      | Noticed Sigmund
  2160 | D:3      | Killed Sigmund
  2161 | D:3      | Reached skill level 5 in Fighting
  2161 | D:3      | Reached skill level 7 in Axes
  2161 | D:3      | Reached XP level 7. HP: 28/61 MP: 6/6
  2330 | D:4      | Noticed a wyvern
  2340 | D:3      | Slain by a wyvern

Illustrated notes

Levels and vault maps discovered:
D:1:      dpeg_arrival_tiny_f, layout_basic, minmay_split_cup_large
D:2:      layout_rooms, serial_bayou_ford_a
D:3:      layout_rooms, minmay_quadrilaterals, uniq_jessica, uniq_sigmund,
          uniq_grinder
D:4:      layout_gridville, minmay_temple_entry_junction_2,
          kennysheep_cross_room, minmay_manual_mail

Skill      XL: |  1  2  3  4  5  6 |
---------------+-------------------+-----
Axes           | 4 5 6 7 |  7.3
Shields        | 1 2 3 4 |  4.2
Fighting       | 3 4 5 |  5.0
Throwing       | |  2.0
Dodging        | |  3.2

Action                     |  1- 3 |  4- 6 |  7- 9 || total
---------------------------+-------+-------+-------++-------
  Melee: War axe           |    71 |    85 |     7 ||   163
         Headbutt          |     6 |    15 |     2 ||    23
   Fire: Sling             |     8 |     3 |       ||    11
    Use: Scroll            |       |       |     1 ||     1
 Armour: Leather armour    |     5 |       |       ||     5
         Ring mail         |    18 |    16 |       ||    34
         Chain mail        |       |     3 |     2 ||     5
  Dodge: Dodged            |    48 |    25 |       ||    73
  Block: Buckler           |    13 |    25 |     5 ||    43

Table legend: (Time is in decaauts)
 A = Elapsed time spent in this place.
 B = Non-inter-level travel time spent in this place.
 C = Inter-level travel time spent in this place.
 D = Time resting spent in this place.
 E = Time spent auto-exploring this place.
 F = Levels seen in this place.
 G = Mean time per level.
                   A        B        C        D        E       F      G
               +--------+--------+--------+--------+--------+-----+--------+
         Total |   2385 |   2291 |     94 |    590 |   1143 |   4 |  596.2 |
       Dungeon |   2385 |   2291 |     94 |    590 |   1143 |   4 |  596.2 |
               +--------+--------+--------+--------+--------+-----+--------+

Top non-repeatable levels by time:
     D:1: 1174 daAuts
     D:3: 746 daAuts
     D:2: 449 daAuts
     D:4: 15 daAuts
